AoeStats
← GA | Woof

Coastal Forest

510819247Analyzed
3v3 RM · 1d ago on Oct 2, 2026· 67m 6s· 6 players
Game mode
Random Map
Map size
Normal (6 player)
Population
200
Speed
Normal
Resources
Standard
Victory
Conquest
Starting age
Dark Age
Ending age
Imperial Age
RankedLock teamsTeams togetherTeam positionsShared explorationLock speedFull tech treeHidden civsTurbo modeCheats
Victory
Defeat
🇬🇧 Italians · United Kingdom
1043
+13
🇺🇸 Danes · United States
1009
+14
🇨🇳 Wei · China
968
+16
🇩🇪 Khmer · Germany
1003
-15
🇩🇪 Ethiopians · Germany
1002
-15
🇩🇪 Franks · Germany
924
-21
blankityblanko
5:03 Loom
9:22 Feudal Age
15:54 Horse Collar
17:23 Fishing Lines
19:50 Castle Age
19:11 Gold Mining
25:09 Imperial Age
23:15 Double-Bit Axe
24:12 Stone Mining
24:45 Medium Warships
24:57 Forging
26:44 Heavy Plow
26:58 Bow Saw
28:09 Wheelbarrow
27:20 Town Watch
29:23 Two-Man Saw
28:52 Fletching
29:03 Padded Archer Armor
29:32 Ballistics
29:14 Gillnets
33:33 Conscription
33:13 Bodkin Arrow
35:52 Stone Shaft Mining
36:19 Town Patrol
38:10 Crop Rotation
38:38 Hand Cart
38:42 Bracer
38:57 Leather Archer Armor
39:47 Chemistry
39:00 Masonry
39:03 Fortified Wall
40:35 Hoardings
43:36 Elite Genoese Crossbowman
45:58 Ring Archer Armor
63:02 Light Cavalry
63:54 Bloodlines
63:44 Husbandry
64:54 Hussar
66:48 Scale Barding Armor
67:18 Iron Casting
67:19 Architecture
66:32 Treadmill Crane
67:02 Hussar
ArtBla
9:54 Feudal Age
10:15 Man-at-Arms
10:45 Arson
10:56 Loom
21:29 Castle Age
20:09 Double-Bit Axe
21:18 Gold Mining
21:11 Horse Collar
22:46 Bow Saw
23:27 Heavy Plow
24:24 Gold Shaft Mining
24:26 Squires
25:44 Wheelbarrow
25:20 Gambesons
24:58 Long Swordsman
27:21 Scale Mail Armor
27:32 Forging
30:51 Fletching
31:16 Chain Mail Armor
31:37 Iron Casting
33:33 Hamask
35:21 Hand Cart
34:52 Town Watch
36:16 Bodkin Arrow
41:42 Imperial Age
39:57 Ballistics
44:12 Blast Furnace
43:13 Bracer
43:44 Plate Mail Armor
43:56 Elite Varangian Guard
45:11 Conscription
50:47 Pikeman
53:21 Halberdier
56:49 Elite Jomsviking
bro
12:03 Loom
13:48 Feudal Age
16:37 Double-Bit Axe
19:08 Castle Age
17:19 Fletching
18:23 Horse Collar
19:21 Padded Archer Armor
22:02 Bloodlines
21:52 Husbandry
24:25 Ballistics
27:20 Gold Mining
27:30 Stone Mining
35:25 Town Watch
36:15 Wheelbarrow
36:52 Heavy Plow
40:48 Imperial Age
39:00 Thumb Ring
40:45 Hand Cart
40:48 Bodkin Arrow
43:44 Chemistry
42:46 Bracer
43:40 Leather Archer Armor
45:54 Tuntian
46:14 Conscription
47:19 Ming Guang Armor
49:31 Forging
49:27 Scale Barding Armor
49:34 Light Cavalry
50:54 Iron Casting
50:40 Chain Barding Armor
51:21 Crop Rotation
51:07 Bow Saw
51:21 Hussar
53:13 Blast Furnace
56:57 Gold Shaft Mining
56:57 Stone Shaft Mining
57:37 Town Patrol
57:26 Elite Tiger Cavalry
63:02 Leather Archer Armor
62:47 Scale Mail Armor
GA | Meow
10:26 Feudal Age
11:35 Double-Bit Axe
16:10 Castle Age
19:16 Bow Saw
19:05 Horse Collar
20:38 Wheelbarrow
22:09 Ballistics
24:19 Masonry
25:03 Fortified Wall
25:43 Gold Mining
26:51 Stone Mining
28:04 Heavy Plow
28:42 Gold Shaft Mining
28:45 Stone Shaft Mining
32:01 Town Watch
35:17 Hand Cart
35:34 Town Patrol
35:20 Loom
38:47 Imperial Age
39:57 Double Crossbow
39:22 Heavy Scorpion
41:10 Chemistry
40:28 Siege Engineers
47:53 Crop Rotation
49:39 Caravan
52:08 Cavalier
52:48 Husbandry
52:59 Bloodlines
54:11 Forging
54:06 Scale Barding Armor
53:36 Light Cavalry
56:16 Iron Casting
56:01 Chain Barding Armor
56:05 Hussar
GA | Woof
13:17 Feudal Age
17:31 Wheelbarrow
21:45 Double-Bit Axe
23:20 Scale Barding Armor
23:28 Forging
26:33 Castle Age
24:31 Loom
42:46 Hand Cart
62:04 Scale Mail Armor
GA | Oink
6:47 Loom
9:10 Feudal Age
11:10 Double-Bit Axe
14:06 Fletching
18:52 Horse Collar
25:08 Castle Age
25:15 Crossbowman
26:00 Thumb Ring
26:12 Bodkin Arrow
26:17 Padded Archer Armor
27:16 Bow Saw
29:09 Ballistics
35:41 Imperial Age
34:20 Leather Archer Armor
33:58 Gold Mining
35:42 Arbalester
36:25 Bracer
37:46 Chemistry
37:23 Capped Ram
Connection lost

Rejoining the realm…

Still unreachable

The connection could not be restored.

Session expired

The server has moved on; the page needs a fresh start.